 Dungeon Crawl Stone Soup version 0.30-a0-591-g3c58d2bc28 (webtiles) character file.

Game seed: 12094070901889506637

23518 purpskrrrp the Fighter (level 13, -7/98 HPs)
             Began as a Djinni Fire Elementalist on Jan 5, 2023.
             Was the Champion of Lugonu.
             Mangled by a white ugly thing (21 damage)
             ... on level 13 of the Dungeon.
             The game lasted 00:28:47 (13549 turns).

purpskrrrp the Fighter (Djinni Fire Elementalist)  Turns: 13549, Time: 00:28:48

Health: -7/98      AC: 23    Str:  7    XL:     13   Next: 35%
Gold:   654        EV: 16    Int: 26    God:    Lugonu [******] SH:  0 Dex: 16

rFire   + + .      SeeInvis .    w - +7 great sword of the Shoals {protect, rN+}
rCold   x . .      Faith    .    (shield currently unavailable)
rNeg    + . .      Spirit   .    n - +4 steam dragon scales
rPois   ∞          Reflect  .    i - +2 helmet
rElec   .          Harm     .    c - +2 cloak
rCorr   .          Rampage  .    J - +2 pair of gloves
Will    +....                    (boots unavailable)
Stlth   ++++                     C - amulet of regeneration
HPRegen 1.16/turn                j - +4 ring of protection
MPRegen 0.00/turn                A - +6 ring of intelligence

@: flying
A: sickness immunity, fire resistance 2, cold vulnerability 1, float, innate
caster, HP casting, extra vitality 1
a: Renounce Religion, Depart the Abyss, Banish, Corrupt, Enter the Abyss, Brand
Weapon With Distortion


You were on level 13 of the Dungeon.
You worshipped Lugonu.
Lugonu was exalted by your worship.
You visited 1 branch of the dungeon, and saw 13 of its levels.
You also visited: Ossuary and Bailey.

You collected 941 gold pieces.
You spent 287 gold pieces at shops.

Inventory:

Hand Weapons
 g - a +3 glaive
 w - the +7 great sword of the Shoals (weapon) {protect, rN+}
   (You bought it in a shop on level 1 of the Dungeon)

   rN:        It protects you from negative energy.
Missiles
 p - 4 throwing nets
Armour
 a - a +0 robe
 c - a +2 cloak (worn)
 e - a +0 cloak
 i - a +2 helmet (worn)
 n - +4 steam dragon scales (worn)
 v - a +0 pair of gloves
 J - a +2 pair of gloves (worn)
Jewellery
 j - a +4 ring of protection (left hand)
 k - a ring of protection from fire
 A - a +6 ring of intelligence (right hand)
 C - an amulet of regeneration (around neck)
 F - a +6 ring of dexterity
 K - a ring of ice
Wands
 y - a wand of iceblast (18)
 B - a wand of paralysis (13)
 E - a wand of acid (8)
 I - a wand of flame (46)
Scrolls
 f - 8 scrolls of teleportation
 t - 5 scrolls of blinking
 u - 2 scrolls of fear
 H - 2 scrolls of magic mapping
 M - 3 scrolls of poison
 N - 2 scrolls of identify
 P - a scroll of summoning {unknown}
Potions
 b - 2 potions of magic
 d - 6 potions of attraction
 h - 3 potions of flight
 l - 9 potions of curing
 m - 2 potions of haste
 o - 2 potions of heal wounds
 q - 3 potions of brilliance
 r - 5 potions of degeneration
 s - 3 potions of mutation {unknown}
 x - 6 potions of might
 z - 4 potions of berserk rage
 D - a potion of cancellation {unknown}
 G - a potion of resistance {unknown}
 L - a potion of experience {unknown}
 O - a potion of lignification {unknown}


   Skills:
 * Level 10.8 Fighting
 + Level 6.2 Long Blades
 + Level 3.5 Armour
 + Level 8.6 Dodging
 + Level 7.1 Stealth
 * Level 8.9 Spellcasting
 + Level 7.6 Invocations


You couldn't memorise any spells.
You knew the following spells:

 Your Spells              Type           Power      Damage    Failure   Level
a - Foxfire               Conj/Fire      100%       2x1d9     1%          1
b - Scorch                Fire           100%       2d10      1%          2
c - Kindle Blastsparks    Fire/Tloc/Air  100%       2d18      1%          3
d - Inner Flame           Hex/Fire       55%        N/A       1%          3
e - Flame Wave            Conj/Fire      55%        2d13      1%          4
f - Slow                  Hex            100%       N/A       1%          1
g - Searing Ray           Conj           100%       2d8       1%          2
h - Summon Guardian Gole  Hex/Summ       55%        N/A       1%          3
i - Stone Arrow           Conj/Erth      100%       3d13      1%          3
j - Agony                 Necr           55%        N/A       3%          5
k - Freezing Cloud        Conj/Ice/Air   27%        6-21      3%          5
Your spell library was empty.

Dungeon Overview and Level Annotations

Branches:
Dungeon (13/15)            Temple (0/1) D:5            Lair (0/5) D:10
    Orc (0/2) D:11        Ossuary (visited)          Bailey (visited)
 Vaults: D:13-14

Altars:
Ashenzari
Cheibriados
Dithmenos
Hepliaklqana
Makhleb
Nemelex Xobeh
Ru
Trog
Yredelemnul
Lugonu

Shops:
D:1 (   D:3 [

Annotations:
D:12 3 runed translucent doors, Darkkill's ghost, journeyman MiHu


Innate Abilities, Weirdness & Mutations

You are immune to sickness and miasma.
You are immune to poison.
Your flesh is very heat resistant. (rF++)
You are vulnerable to cold. (rC-)
You float through the air rather than walking.
You learn spells naturally, not from books.
Your magical power is your life essence.
You have superior vitality. (+4 MHP)


Message History

The flame wave engulfs the white ugly thing!!
The white ugly thing is severely wounded. (Press . to intensify the flame waves.)
The eight-headed hydra bites you but does no damage.
The eight-headed hydra bites you. The eight-headed hydra bites you!
* * * LOW HITPOINT WARNING * * *
The eight-headed hydra misses you.
The eight-headed hydra bites you but does no damage.
The eight-headed hydra closely misses you.
The eight-headed hydra bites you but does no damage. x2
The white ugly thing closely misses you.
A wave of flame ripples out!
The flame wave engulfs the eight-headed hydra!
The eight-headed hydra is moderately wounded.
The flame wave engulfs the white ugly thing.
The white ugly thing is severely wounded.
* * * LOW HITPOINT WARNING * * *
The eight-headed hydra bites you but does no damage.
The eight-headed hydra bites you.
* * * LOW HITPOINT WARNING * * *
The eight-headed hydra bites you but does no damage. x6
The white ugly thing misses you.
A wave of flame ripples out!
The flame wave engulfs the eight-headed hydra!!
The eight-headed hydra is heavily wounded.
The flame wave engulfs the white ugly thing but does no damage.
The white ugly thing is severely wounded.
* * * LOW HITPOINT WARNING * * *
You finish channelling waves of flame.
The eight-headed hydra bites you.
* * * LOW HITPOINT WARNING * * *
The eight-headed hydra completely misses you.
The eight-headed hydra closely misses you.
The eight-headed hydra misses you. The eight-headed hydra bites you.
* * * LOW HITPOINT WARNING * * *
The eight-headed hydra barely misses you.
The eight-headed hydra bites you but does no damage. x2
The white ugly thing pecks you.
* * * LOW HITPOINT WARNING * * *
The white ugly thing freezes you!!
You feel a terrible chill!
You die...

#..................
#..................
#..................
.........##########
........#....#
........#....#
...[....'....#
........#....#
........##@###
..#####...Du......
.. #...........
#...........
#...........
#...........
......###+##
.......+


You could see an eight-headed hydra and a white ugly thing.

Vanquished Creatures
  Gastronok (D:8)
  2 vault guards (Bailey)
  4 two-headed ogres
  A tengu warrior (D:13)
  A skeletal warrior (D:11)
  Pikel (D:8)
  A deep elf pyromancer (D:12)
  A manticore (D:11)
  2 cyclopes (D:11)
  Maggie (D:8)
  A gargoyle (D:12)
  A komodo dragon (D:10)
  3 kobold demonologists
  A wind drake (shapeshifter) (D:13)
  2 trolls (D:11)
  Grinder (D:6)
  2 hornets (D:9)
  Prince Ribbit (Bailey)
  Sigmund (D:2)
  A slime creature (D:8)
  A vampire (D:11)
  5 shadows
  6 humans (Bailey)
  2 water elementals (D:11)
  2 wraiths (D:10)
  A wyvern (D:11)
  2 yaks
  A steam dragon (D:7)
  4 vampire mosquitoes
  2 acid dragons
  10 orc warriors
  2 water moccasins
  An ice beast (D:7)
  6 black bears
  3 ogres
  3 lemures (D:8)
  5 centaurs
  A phantom (D:7)
  4 kobold brigands
  An elf zombie (Ossuary)
  A gnoll sergeant (D:10)
  18 bullfrogs
  A necrophage (D:6)
  Blork the orc (D:4)
  2 scorpions (D:5)
  13 wights
  12 killer bees
  2 troll zombies (Ossuary)
  6 electric eels
  2 howler monkeys
  4 centaur zombies
  2 hounds (D:6)
  8 orc priests
  3 jellies
  2 gnoll boudas
  Jessica (D:2)
  An iguana (D:5)
  11 orc wizards
  An ogre zombie (Ossuary)
  7 mummies (Ossuary)
  Robin (D:2)
  8 adders
  14 gnolls
  2 shadow imps
  3 white imps
  4 adder zombies (Ossuary)
  2 worms
  3 dart slugs
  48 orcs
  5 ball pythons
  6 bats
  5 endoplasms
  A giant cockroach (D:2)
  19 goblins
  11 hobgoblins
  10 jackals
  4 quokkas
  4 frilled lizards
  A gnoll zombie (Ossuary)
  2 goblin zombies (Ossuary)
  4 hobgoblin zombies (Ossuary)
  22 kobolds
  6 kobold zombies (Ossuary)
  3 quokka zombies (Ossuary)
  5 rats
  4 rat zombies (Ossuary)
386 creatures vanquished.

Vanquished Creatures (collateral kills)
  18 foxfires
18 creatures vanquished.

Vanquished Creatures (others)
  1229 foxfires
  38 fungi (D:10)
  69 plants
1336 creatures vanquished.

Grand Total: 1740 creatures vanquished

Notes
Turn   | Place    | Note
-------+----------+-------------------------------------------
     0 | D:1      | purpskrrrp the Djinni Fire Elementalist began the quest for
                  | the Orb.
     0 | D:1      | purpskrrrp set off with the following spells memorised:
                  | Foxfire, Scorch, Kindle Blastsparks, Inner Flame, Flame
                  | Wave.
     0 | D:1      | Reached XP level 1. HP: 15/15 MP: 0/0
   157 | D:1      | Reached XP level 2. HP: 16/22 MP: 0/0
   419 | D:1      | Reached skill level 1 in Fighting
   433 | D:1      | Found a faded altar of an unknown god.
   467 | D:1      | Got Plato's Monograph on the Glacier
   471 | D:1      | Prayed at the altar of an unknown god.
   471 | D:1      | Became a worshipper of Lugonu the Unformed
   471 | D:1      | Reached * piety under Lugonu
   550 | D:1      | Found Fojatwor's Antique Weapon Boutique.
   561 | D:1      | Reached XP level 3. HP: 23/27 MP: 0/0
   561 | D:1      | Learned a level 1 spell: Slow
  1044 | D:2      | Reached XP level 4. HP: 30/33 MP: 0/0
  1184 | D:2      | Reached skill level 2 in Fighting
  1186 | D:2      | Reached ** piety under Lugonu
  1187 | D:2      | Reached skill level 1 in Invocations
  1261 | D:2      | Found a shadowy altar of Dithmenos.
  1453 | D:2      | Noticed Robin
  1461 | D:2      | Reached XP level 5. HP: 25/38 MP: 0/0
  1461 | D:2      | Learned a level 2 spell: Searing Ray
  1474 | D:2      | Killed Robin
  1736 | D:2      | Noticed Jessica
  1742 | D:2      | Killed Jessica
  1942 | D:2      | Noticed Sigmund
  1950 | D:2      | Killed Sigmund
  1951 | D:2      | Reached skill level 3 in Fighting
  1951 | D:2      | Reached XP level 6. HP: 28/46 MP: 0/0
  2206 | D:3      | Found a hazy altar of Hepliaklqana.
  2228 | D:3      | Found a bloodstained altar of Trog.
  2278 | D:3      | Found a snail-covered altar of Cheibriados.
  2587 | D:3      | Found a sparkling altar of Nemelex Xobeh.
  2612 | D:3      | Found Jecoco's Armour Boutique.
  2809 | D:4      | Reached *** piety under Lugonu
  2890 | D:4      | Reached XP level 7. HP: 50/50 MP: 0/0
  2890 | D:4      | Learned a level 3 spell: Summon Guardian Golem
  3083 | D:4      | Noticed Blork the orc
  3101 | D:4      | Killed Blork the orc
  3346 | D:4      | Reached skill level 4 in Fighting
  3638 | D:1      | Bought a masterwork great sword for 287 gold pieces
  3638 | D:1      | Identified the +7 great sword of the Shoals {protect, rN+}
                  | (You bought it in a shop on level 1 of the Dungeon)
  3698 | D:5      | Entered Level 5 of the Dungeon
  3717 | D:5      | Reached XP level 8. HP: 32/58 MP: 0/0
  3864 | D:5      | Found a staircase to the Ecumenical Temple.
  4145 | D:5      | Reached skill level 1 in Long Blades
  5387 | D:6      | Reached skill level 5 in Fighting
  5614 | D:6      | Noticed Grinder
  5618 | D:6      | Reached XP level 9. HP: 56/65 MP: 0/0
  5618 | D:6      | Learned a level 3 spell: Stone Arrow
  5625 | D:6      | Killed Grinder
  5626 | D:6      | Reached skill level 5 in Spellcasting
  5854 | D:6      | Reached **** piety under Lugonu
  5855 | D:6      | Reached skill level 5 in Dodging
  6433 | D:7      | Reached skill level 6 in Fighting
  6696 | D:7      | Found a sand-covered staircase.
  6705 | Ossuary  | Entered an ossuary
  7082 | Ossuary  | Reached XP level 10. HP: 67/73 MP: 0/0
  7374 | D:7      | Found a basalt altar of Yredelemnul.
  7627 | D:7      | Reached ***** piety under Lugonu
  7957 | D:7      | Found the +2 ratskin cloak {*Rats rPois rN+ Str-1 Int-1
                  | Dex+1}
  8143 | D:8      | Reached skill level 7 in Fighting
  8225 | D:8      | Noticed Pikel
  8236 | D:8      | Killed Pikel
  8283 | D:8      | Reached skill level 5 in Invocations
  8434 | D:8      | Noticed Gastronok
  8462 | D:8      | Killed Gastronok
  8463 | D:8      | Reached skill level 5 in Stealth
  8667 | D:8      | Banished an enormous slime creature
  8668 | D:8      | Reached skill level 8 in Fighting
  8668 | D:8      | Reached XP level 11. HP: 54/81 MP: 0/0
  8668 | D:8      | Learned a level 5 spell: Agony
  9419 | D:8      | Noticed Maggie
  9429 | D:8      | Killed Maggie
 10240 | D:10     | Entered Level 10 of the Dungeon
 10250 | D:10     | Found a broken altar of Ashenzari.
 10252 | D:10     | Found a sacrificial altar of Ru.
 10309 | D:10     | Found a flagged portal.
 10319 | Bailey   | Entered a bailey
 10383 | Bailey   | Reached skill level 9 in Fighting
 10461 | Bailey   | Reached skill level 5 in Long Blades
 10501 | Bailey   | Noticed a vault guard
 10506 | Bailey   | Killed a vault guard
 10507 | Bailey   | Reached XP level 12. HP: 83/89 MP: 0/0
 10522 | Bailey   | Noticed a vault guard
 10522 | Bailey   | Noticed Prince Ribbit
 10530 | Bailey   | Killed Prince Ribbit
 10539 | Bailey   | Killed a vault guard
 10776 | D:10     | Found a staircase to the Lair.
 10795 | D:10     | Reached skill level 1 in Armour
 10956 | D:10     | Noticed a two-headed ogre
 10964 | D:10     | Killed a two-headed ogre
 11215 | D:10     | Found a burning altar of Makhleb.
 11307 | D:11     | Noticed a two-headed ogre
 11314 | D:11     | Noticed a boulder beetle
 11318 | D:11     | Noticed a skeletal warrior
 11319 | D:11     | Killed a two-headed ogre
 11328 | D:11     | Reached skill level 10 in Fighting
 11335 | D:11     | Killed a skeletal warrior
 11376 | D:10     | Banished a boulder beetle
 11737 | D:11     | Found a staircase to the Orcish Mines.
 11823 | D:11     | Noticed a two-headed ogre
 11832 | D:11     | Killed a two-headed ogre
 11833 | D:11     | Reached XP level 13. HP: 91/97 MP: 0/0
 11833 | D:11     | Learned a level 5 spell: Freezing Cloud
 11847 | D:11     | Reached ****** piety under Lugonu
 12083 | D:11     | Found a basalt altar of Yredelemnul.
 13037 | D:12     | Found a runed translucent gate.
 13038 | D:12     | Found a runed translucent gate.
 13039 | D:12     | Found a runed translucent gate.
 13042 | D:12     | Noticed Darkkill's ghost (journeyman MiHu)
 13536 | D:13     | Noticed an eight-headed hydra
 13549 | D:13     | Mangled by a white ugly thing

Illustrated notes

Levels and vault maps discovered:
D:1:      dpeg_cavernosity, layout_rooms, shapermc_ecumenical_altar_rom_forum,
          serial_shops, shop
D:2:      layout_loops_ring, basic_altar, uniq_jessica, uniq_robin, uniq_sigmund
D:3:      layout_rooms, nemelex_spade_bored_becter,
          mainiacjoe_overflow_catwalk_spiral, slow_altar_1, serial_shops,
          nicolae_shop_hallway_plus, minmay_misc_feat_pillars
D:4:      layout_cave_pools, grunt_decor_cap, grunt_decor_fettered,
          uniq_blork_the_orc
D:5:      layout_layer_cave, minmay_temple_entry_purple_smoke
D:6:      layout_loops_corners, uniq_grinder
D:7:      layout_cave_pods, mainiacjoe_overflow_six_doors_small, enter_ossuary_3
D:8:      layout_basic, chequers_serial_rivers_micro_e, minmay_puff,
          uniq_gastronok, uniq_maggie, uniq_pikel
D:9:      layout_cave_pools
D:10:     layout_loops_cross, nicolae_overflow_hidden_temple,
          due_lair_maze_entry_diamond, enter_bailey_5, serial_bayou,
          serial_bayou_shore_a, serial_bayou_pond_e, serial_bayou_pond_d,
          serial_bayou_lake_a
D:11:     cheibrodos_barr_body, layout_loops_ring, orc_0_dummy, serial_bayou,
          serial_bayou_ford_a, serial_bayou_crossing, serial_bayou_pond_d,
          serial_bayou_pond_a, serial_bayou_shore_b,
          lemuel_zombie_altar_yredelemnul
D:12:     layout_roguey [special_room_orc], gammafunk_ghost_necromancy,
          minivault_25_ag, hex_large
D:13:     layout_gridville, nicolae_trove_entry_free_sample,
          kennysheep_vampire_church, uniq_kirke

Skill      XL: |  1  2  3  4  5  6  7  8  9 10 11 12 13 |
---------------+----------------------------------------+-----
Fighting       | 1 2 3 4 5 6 8 9 10 | 10.8
Stealth        | 2 3 4 5 6 7 |  7.1
Invocations    | 1 2 3 4 5 6 7 |  7.6
Spellcasting   | 3 4 5 6 7 8 |  8.9
Dodging        | 3 4 5 6 7 8 |  8.6
Long Blades    | 1 2 4 5 6 |  6.2
Armour         | 2 3 |  3.5

Action                   |  1- 3 |  4- 6 |  7- 9 | 10-12 | 13-15 || total
-------------------------+-------+-------+-------+-------+-------++-------
Melee: Glaive            |    14 |    22 |    13 |       |       ||    49
       Great sword       |       |       |    62 |   186 |    81 ||   329
 Cast: Foxfire           |    43 |   116 |   169 |   356 |   105 ||   789
       Scorch            |     2 |    10 |    28 |    41 |     8 ||    89
       Flame Wave        |       |       |    10 |    16 |     4 ||    30
Invok: Banish            |       |       |       |     3 |       ||     3
  Use: Scroll            |     4 |     3 |     7 |    15 |     3 ||    32
       Potion            |       |       |       |     6 |       ||     6
 Stab: Sleeping          |     4 |     1 |       |       |       ||     5
Armor: Robe              |     5 |    22 |   119 |     1 |       ||   147
       Steam dragon scal |       |       |       |   159 |   107 ||   266
Dodge: Dodged            |     4 |    23 |   151 |   221 |   163 ||   562

Table legend: (Time is in decaauts)
 A = Elapsed time spent in this place.
 B = Non-inter-level travel time spent in this place.
 C = Inter-level travel time spent in this place.
 D = Time resting spent in this place.
 E = Time spent auto-exploring this place.
 F = Levels seen in this place.
 G = Mean time per level.
                   A        B        C        D        E       F      G
               +--------+--------+--------+--------+--------+-----+--------+
         Total |  13734 |  13055 |    679 |   1258 |   9386 |  15 |  915.6 |
       Dungeon |  12814 |  12135 |    679 |   1258 |   8815 |  13 |  985.7 |
       Ossuary |    645 |    645 |      0 |      0 |    463 |   1 |  645.0 |
        Bailey |    275 |    275 |      0 |      0 |    108 |   1 |  275.0 |
               +--------+--------+--------+--------+--------+-----+--------+

Top non-repeatable levels by time:
     D:8: 1597 daAuts
     D:5: 1481 daAuts
     D:6: 1265 daAuts
     D:2: 1244 daAuts
    D:10: 1128 daAuts
     D:7: 1086 daAuts
    D:11: 1036 daAuts
     D:1: 1035 daAuts
     D:3: 840 daAuts
    D:12: 767 daAuts
 Ossuary: 645 daAuts
     D:4: 616 daAuts
     D:9: 526 daAuts
  Bailey: 275 daAuts
    D:13: 187 daAuts
